 Dungeon Crawl Stone Soup version 0.23-a0-435-g79ed067 (webtiles) character file.

104 Amnesiac the Sneak (level 4, -1/21 HPs)
             Began as a Spriggan Enchanter on Nov 15, 2018.
             Was an Initiate of Dithmenos.
             Killed by miscasting Dazzling Spray (9 damage)
             ... on level 3 of the Dungeon.
             The game lasted 00:04:50 (1514 turns).

Amnesiac the Sneak (Spriggan Enchanter)             Turns: 1514, Time: 00:04:51

Health: -1/21      AC:  2    Str:  6    XL:     4   Next: 52%
Magic:  0/9        EV: 18    Int: 17    God:    Dithmenos [......]
Gold:   111        SH:  0    Dex: 14    Spells: 0/9 levels left

rFire    . . .     SeeInvis +   a - +1 dagger
rCold    . . .     Gourm    .   (shield restricted)
rNeg     . . .     Faith    .   b - +0 robe
rPois    .         Spirit   .   (helmet restricted)
rElec    .         Reflect  .   (no cloak)
rCorr    .         Harm     .   (gloves unavailable)
MR       .....                  (boots unavailable)
Stlth    ++++......             (no amulet)
HPRegen  0.07/turn              j - -2 ring of dexterity (curse)
MPRegen  0.11/turn              o - +2 ring of strength

@: very slightly contaminated, very quick
A: very small, unfitting armour, see invisible, herbivore, speed 3, slow
metabolism 2
a: Renounce Religion


You were on level 3 of the Dungeon.
You worshipped Dithmenos.
Dithmenos was noncommittal.
You were not hungry.

You visited 2 branches of the dungeon, and saw 6 of its levels.

You collected 111 gold pieces.

Inventory:

Hand Weapons
 a - a +1 dagger (weapon)
Missiles
 f - a throwing net (quivered)
Armour
 b - a +0 robe (worn)
Jewellery
 j - a cursed -2 ring of dexterity (left hand)
 o - a +2 ring of strength (right hand)
Scrolls
 c - 4 scrolls of remove curse {!r, unknown}
 e - 2 scrolls of magic mapping {!r, unknown}
 h - a scroll of immolation {!r, unknown}
 i - 2 scrolls of enchant armour {!r, unknown}
 k - a scroll of enchant weapon {!r, unknown}
 l - a scroll of identify {!r, unknown}
 n - a scroll of amnesia {!r, unknown}
Potions
 g - a potion of agility {!q, unknown}
 m - a potion of mutation {!q, unknown}
Comestibles
 d - 3 rations


   Skills:
 + Level 1.1 Short Blades
 - Level 3.0 Dodging
 - Level 7.8 Stealth
 - Level 3.0 Spellcasting
 - Level 4.0 Hexes


You couldn't memorise any spells.
You knew the following spells:

 Your Spells              Type           Power        Failure   Level  Hunger
a - Ensorcelled Hibernat  Hex/Ice        #.....       12%         2    ##.....
b - Corona                Hex            ###....      3%          1    None
d - Dazzling Spray        Conj/Hex       #.....       22%         3    ###....
e - Confuse               Hex            ###.....     10%         3    ###....

Your spell library contained the following spells:

 Spells                   Type           Power        Failure   Level  Hunger
 Tukima's Dance           Hex            ###.....     10%         3    ###....


Dungeon Overview and Level Annotations

Branches:
Dungeon (5/15)             Temple (1/1) D:4

Altars:
Ashenzari
Cheibriados
Dithmenos
Elyvilon
Fedhas
Gozag
Hepliaklqana
Nemelex Xobeh
Ru
Sif Muna
Trog
Uskayaw
Vehumet
Xom
The Shining One

Annotations:
D:4 Edmund


Innate Abilities, Weirdness & Mutations

You are very small and have problems with some larger weapons.
You are too small for most types of armour.
You have supernaturally acute eyesight. (SInv)
You are a herbivore.
You cover ground extremely quickly.
You need to consume almost no food.


Message History

You strike the helpless phantom from behind!
You puncture the phantom!
The phantom is moderately damaged.
You hit the phantom.
The phantom is heavily damaged.
You catch the helpless phantom completely off-guard!
You puncture the phantom!
The phantom is almost destroyed.
You barely miss the phantom.
The phantom is almost destroyed.
The phantom hits itself.
You barely miss the phantom.
The phantom is almost destroyed.
You barely miss the phantom.
The phantom is almost destroyed.
You barely miss the phantom.
The phantom is almost destroyed.
The phantom seems less confused.
The phantom hits you.
You closely miss the phantom.
The phantom is almost destroyed.
The phantom hits you.
The phantom blinks!
Memorise Dazzling Spray, consuming 3 spell levels and leaving 0?
You start memorising the spell.
You continue memorising.
The phantom blinks!
You continue memorising. x2
You finish memorising.
Spell assigned to 'c'.
The phantom barely misses you.
Adjust (i)tems, (s)pells, or (a)bilities?
Adjust which spell? c - Dazzling Spray Adjust to which letter? d - Dazzling Spray
Casting: Confuse (safe; 10% risk of failure)
Confirm with . or Enter, or press ? or * to list all spells.
Aiming: Dazzling Spray (safe; 22% risk of failure)
Press: ? - help, Shift-Dir - straight line, f/p - phantom
Aim: a phantom (almost destroyed)
The spray of energy hits the phantom.
The phantom is almost destroyed.
The phantom barely misses you.
Unknown command.
Casting: Dazzling Spray (safe; 22% risk of failure)
Confirm with . or Enter, or press ? or * to list all spells.
Aiming: Dazzling Spray (safe; 22% risk of failure)
Press: ? - help, Shift-Dir - straight line, f/p - phantom
Aim: a phantom (almost destroyed)
You miscast Dazzling Spray.
You are very lightly contaminated with residual magic.
Your skin tingles.
The phantom hits you.
* * * LOW HITPOINT WARNING * * *
Unknown command.
Casting: Dazzling Spray (safe; 22% risk of failure)
Confirm with . or Enter, or press ? or * to list all spells.
You can't see any susceptible monsters within range! (Use Z to cast anyway.) Unknown command.
The phantom blinks!
Casting: Dazzling Spray (safe; 22% risk of failure)
Confirm with . or Enter, or press ? or * to list all spells.
Aiming: Dazzling Spray (safe; 22% risk of failure)
Press: ? - help, Shift-Dir - straight line, f/p - phantom
Aim: a phantom (almost destroyed)
You miscast Dazzling Spray.
A wave of violent energy washes through your body!
You die...

..# #.# #.## #.# #..###
#.#
.....###########.########
.....................>..#
#...........#########.#.#
#...........####....#.# #
#...........#.......#.#
............#.##@####.#
#...........# #...ยง.W#
#...........# ########
#...........#
#...........#
#...........# #
#...........#.#
#.............#########
#...........###.......#


You could see a phantom.

Vanquished Creatures
  2 hounds (D:4)
  2 adders
  2 dart slugs (D:1)
  2 leopard geckos
  2 orcs (D:4)
  2 giant cockroaches
  4 goblins
  A quokka (D:3)
  A ball python (D:3)
  A leopard gecko skeleton (D:5)
  2 rats (D:1)
21 creatures vanquished.

Notes
Turn   | Place    | Note
-------+----------+-------------------------------------------
     0 | D:1      | Amnesiac the Spriggan Enchanter began the quest for the
                  | Orb.
     0 | D:1      | Reached XP level 1. HP: 9/9 MP: 5/5
    92 | D:1      | Reached skill level 5 in Stealth
   245 | D:1      | Reached XP level 2. HP: 13/13 MP: 6/6
   249 | D:1      | Learned a level 2 spell: Ensorcelled Hibernation
   428 | D:3      | Found a hazy altar of Hepliaklqana.
   755 | D:4      | Reached skill level 6 in Stealth
   755 | D:4      | Reached XP level 3. HP: 16/16 MP: 6/8
   760 | D:4      | Learned a level 3 spell: Confuse
   778 | D:4      | Noticed a phantom
   942 | D:4      | Reached skill level 7 in Stealth
   942 | D:4      | Reached XP level 4. HP: 21/21 MP: 4/9
   979 | D:5      | Entered Level 5 of the Dungeon
   997 | D:4      | Found a white marble altar of Elyvilon.
  1113 | D:4      | Noticed Edmund
  1122 | D:4      | Found a staircase to the Ecumenical Temple.
  1131 | Temple   | Entered the Ecumenical Temple
  1381 | Temple   | Became a worshipper of Dithmenos the Shadowed
  1502 | D:3      | Learned a level 3 spell: Dazzling Spray
  1514 | D:3      | Killed by miscasting Dazzling Spray

Vault maps used:
D:1:      lemuel_arrival_tunnels
D:2:      nicolae_ru_sacrificial_ziggurat
D:3:      zin_treasury, lemuel_round_altar, first_ration,
          nicolae_gozag_cash_rules_everything_around_me
D:4:      nicolae_overflow_hidden_temple, minmay_temple_entry_poolview,
          minmay_cupped, uniq_blork_the_orc, uniq_edmund
D:5:      lemuel_crystal_altar, grunt_qazlal_sundering,
          chequers_decorated_corner, uniq_crazy_yiuf_cottage, uniq_grinder
Temple:   oiseaux_autumnal_temple

Skill      XL: |  1  2  3 |
---------------+----------+-----
Stealth        | 5 6 7 |  7.8
Spellcasting   | 3 |  3.0
Hexes          | 4 |  4.0
Short Blades   | |  1.1
Dodging        | |  3.0

Action                   |  1- 3 |  4- 6 || total
-------------------------+-------+-------++-------
Melee: Dagger            |    25 |    15 ||    40
 Cast: Corona            |     7 |       ||     7
       Ensorcelled Hiber |     7 |     2 ||     9
       Confuse           |     1 |     1 ||     2
       Dazzling Spray    |       |     1 ||     1
 Stab: Sleeping          |    12 |     4 ||    16
       Confused          |       |     2 ||     2
Armor: Robe              |     2 |       ||     2
Dodge: Dodged            |    16 |     2 ||    18

Table legend:
 A = Non-vault XP
 B = Vault XP
 C = Vault XP percentage of total XP
 D = Non-vault monster count
 E = Vault monster count
 F = Vault count percentage of total count
                 A         B        C        D         E       F
            +---------+---------+-------+---------+---------+-------
      Total |     106 |      43 |  28.9 |      20 |       1 |   4.8
            +---------+---------+-------+---------+---------+-------
        D:1 |      17 |       0 |   0.0 |       8 |       0 |   0.0
        D:2 |       2 |       0 |   0.0 |       1 |       0 |   0.0
        D:3 |      19 |       0 |   0.0 |       4 |       0 |   0.0
        D:4 |      64 |      43 |  40.2 |       5 |       1 |  16.7
        D:5 |       4 |       0 |   0.0 |       2 |       0 |   0.0
            +---------+---------+-------+---------+---------+-------
